Map: Eastwatch LE

Players

Adonys

  • Race: Terran Terran
  • League: Diamond
  • Spawn Location: 1:00

Nebula - Winner!

  • Race: Zerg Zerg
  • League: Diamond
  • Spawn Location: 7:00

VOD

Have the link to the VOD?

Description

Time

  • Played on: March 24, 2018, 10:13 p.m.
  • Length: 27:09
Show
View Real Time Build Order
Export as new Build Order

Adonys Terran 

Build Orders: Hellion Opening, Reaper Expand, Mech 

Get SALT Encoding   

  12  0:01  SCV  
  13  0:13  SCV  
  14  0:17  Supply Depot  
  14  0:25  SCV  
  15  0:28  Refinery  
  15  0:38  SCV  
  16  0:46  Barracks  
  16  0:50  SCV  
  17  1:03  SCV  
  18  1:15  SCV  
  19  1:33  Orbital Command, Reaper  
  20  1:48  Command Center  
  20  2:00  Factory  
  20  2:03  SCV  
  21  2:11  Barracks Reactor  
  21  2:15  SCV  
  22  2:20  Supply Depot  
  22  2:25  Refinery  
  22  2:27  SCV  
  23  2:41  SCV  
  24  2:47  Starport  
  24  2:57  Hellion x2  
  28  2:59  Barracks Tech Lab  
  28  3:13  Orbital Command  
  28  3:15  SCV  
  28  3:19  Hellion x2  
  33  3:24  Viking  
  35  3:35  SCV  
  35  3:40  Hellion  
  38  3:47  SCV  
  38  3:49  Armory, SCV  
  38  3:54  Supply Depot  
  39  3:59  Hellion  
  39  4:02  Hellion  
  42  4:11  SCV x2  
  44  4:18  Supply Depot  
  44  4:20  Hellion  
  46  4:30  Hellion  
  46  4:36  SCV  
  47  4:42  Hellion  
  49  4:48  Command Center  
  49  4:49  SCV x2  
  49  4:51  Hellion  
  53  5:04  Supply Depot  
  53  5:05  Supply Depot  
  53  5:09  Starport Tech Lab  
  53  5:10  Factory  
  53  5:12  Factory  
  53  5:16  SCV  
  54  5:21  Refinery  
  54  5:23  Refinery  
  54  5:25  Supply Depot  
  54  5:29  Hellion  
  58  5:35  Hellion  
  58  5:38  SCV  
  59  5:44  Starport Reactor  
  55  6:06  SCV x2  
  55  6:08  Siege Tank x2  
  55  6:09  Infernal Pre-Igniter  
  63  6:12  Orbital Command  
  63  6:17  Hellion  
  65  6:18  SCV x2  
  65  6:22  Hellion  
  69  6:30  SCV  
  70  6:40  Siege Tank x2  
  76  7:09  Refinery, SCV x2  
  76  7:10  Factory  
  76  7:12  Refinery, Siege Tank x2  
  80  7:28  Liberator  
  76  7:33  Hellion  
  78  7:39  SCV x3  
  84  7:44  Siege Tank x2  
  84  7:51  SCV  
  91  7:55  SCV x2  
  91  7:56  Factory  
  93  8:00  Supply Depot x2  
  93  8:03  SCV  
  94  8:16  Siege Tank x2  
  94  8:19  Hellion  
  90  8:20  Hellion  
  90  8:21  SCV x2  
  90  8:23  Hellion  
  77  8:34  Liberator  
  72  8:41  Hellion x2  
  75  8:45  Factory Reactor  
  75  8:47  Factory Tech Lab  
  75  8:48  Siege Tank x2  
  80  8:50  Medivac  
  80  8:54  Terran Vehicle Weapons Level 1  
  85  8:55  Armory  
  85  9:01  Orbital Command  
  85  9:02  Hellion x2  
  89  9:17  Hellion  
  89  9:20  Hellion x2, SCV x2  
  89  9:24  Hellion x2  
  101  9:32  SCV  
  101  9:34  Hellion x2  
  106  9:39  Hellion  
  106  9:42  Hellion x2  
  106  9:45  Hellion x2  
  116  9:46  SCV  
  117  9:54  SCV x2  
  116  10:20  Engineering Bay  
  116  10:22  Supply Depot  
  116  10:23  Supply Depot, SCV  
  117  10:37  Hellion  
  117  10:39  SCV x2  
  117  10:42  Siege Tank  
  117  10:43  Hellion  
  117  10:44  Siege Tank, Viking x2, SCV  
  117  10:45  Hellion x2  
  129  10:54  SCV x2  
  129  10:56  SCV  
  132  11:06  SCV  
  132  11:08  Missile Turret  
  133  11:12  Missile Turret  
  133  11:13  Missile Turret  
  133  11:18  Supply Depot  
  133  11:25  Missile Turret  
  133  11:37  SCV  
  133  11:39  Viking x2  
  136  11:49  Missile Turret  
  114  12:03  Siege Tank x3, Hellion x3  
  114  12:06  Hellion  
  106  12:09  Viking x2  
  83  12:24  Hellion x3  
  83  12:28  Hellion  
  79  12:35  Siege Tank x2  
  79  12:36  Hellion  
  85  12:39  Viking  
  87  12:45  Hellion  
  87  12:46  Hellion x2  
  87  12:49  Hellion  
  95  12:57  Siege Tank  
  98  13:00  Orbital Command  
  89  13:07  Siege Tank, Hellion x4  
  89  13:12  Hellion  
  80  13:23  SCV x2  
  80  13:28  Hellion x2  
  80  13:29  Hellion  
  86  13:38  Hellion x2  
  90  13:51  Hellion  
  90  13:52  Hellion x2  
  90  13:53  SCV x2  
  92  13:57  Hellion x2  
  92  13:59  Hellion  
  92  14:00  Hellion  
  98  14:04  SCV  
  98  14:05  SCV x2  
  101  14:11  Terran Vehicle And Ship Armor Level 1  
  101  14:14  Smart Servos  
  101  14:18  Siege Tank  
  101  14:20  SCV x2  
  106  14:25  Supply Depot  
  106  14:26  Terran Vehicle Weapons Level 2  
  106  14:27  Supply Depot  
  106  14:37  Hellion x2  
  110  14:39  Hellion  
  110  14:40  Hellion  
  110  14:42  Missile Turret x2  
  110  14:43  Sensor Tower  
  110  14:45  Hellion  
  116  14:55  Hellion x2, Starport  
  116  14:56  Starport  
  115  15:04  Refinery  
  111  15:11  Hellion x3  
  112  15:14  Hellion x2  
  112  15:16  Siege Tank  
  112  15:18  Orbital Command  
  110  15:23  Hellion  
  101  15:32  Hellion  
  97  15:35  Siege Tank  
  100  15:44  Siege Tank  
  103  15:54  Siege Tank, Hellion x2  
  103  15:55  SCV  
  103  15:56  SCV  
  112  16:07  Siege Tank  
  115  16:21  Hellion x2  
  115  16:25  Siege Tank  
  106  16:38  Hellion x2  
  106  16:39  SCV x2  
  112  16:49  Terran Vehicle And Ship Armor Level 2  
  112  16:57  Starport Tech Lab, Starport Reactor  
  112  17:03  SCV x3  
  115  17:08  Sensor Tower  
  116  17:15  SCV  
  116  17:31  Siege Tank, Hellion x2  
  123  17:41  Command Center  
  123  17:48  Missile Turret  
  123  17:49  Missile Turret x2  
  123  18:02  Refinery, SCV x2  
  123  18:05  Hellion x2  
  130  18:07  Supply Depot  
  130  18:18  Hellion x2  
  133  18:48  Siege Tank, Hellion  
  133  18:49  Hellion  
  133  18:51  Raven  
  126  19:03  Viking  
  124  19:12  Viking x2  
  124  19:14  Viking  
  126  19:19  SCV  
  126  19:20  Orbital Command  
  125  19:24  Terran Ship Weapons Level 1  
  125  19:34  Raven  
  125  19:37  Viking  
  129  19:42  Viking  
  123  19:54  Viking x2  
  126  20:07  Viking  
  128  20:17  Raven  
  130  20:25  Viking  
  132  20:33  Viking  
  130  20:48  SCV  
  96  21:46  Hellion x4  
  104  21:47  Hellion x3  
  104  21:53  Orbital Command  
  90  22:07  Hellion  
  90  22:08  Hellion x3  
  98  22:15  Hellion  
  100  22:48  Raven, Viking  
  104  22:54  Viking  
  104  23:05  Viking  
  104  23:07  Missile Turret x2  
  104  23:08  Missile Turret x2  
  106  23:15  SCV x2  
  103  23:27  SCV  
  103  23:31  Raven  
  102  23:38  Viking x3  
  114  24:02  Hellion  
  114  24:03  Hellion x2  
  114  24:13  Raven  
  120  24:31  Missile Turret, Hellion x3  
  120  24:32  Missile Turret x2  
  120  24:33  Sensor Tower  
  122  24:48  Supply Depot  
  122  24:51  Supply Depot  
  122  24:52  Supply Depot  
  122  24:55  Supply Depot  
  109  26:02  Hellion  
  109  26:07  Factory Tech Lab  
  109  26:09  Hellion x7  
  107  26:18  Starport Tech Lab  
  107  26:21  Factory x2  
  107  26:22  Factory  
  107  26:24  Starport x2  
Show
View Real Time Build Order
Export as new Build Order

Nebula Zerg - Winner!

Build Orders: Hatch First 

Get SALT Encoding   

  12  0:01  Drone  
  13  0:12  Overlord  
  13  0:18  Drone  
  14  0:30  Drone x2  
  16  0:35  Drone  
  17  0:52  Hatchery  
  17  0:56  Drone  
  17  0:59  Drone  
  18  1:10  Extractor  
  17  1:15  Spawning Pool  
  17  1:17  Drone  
  17  1:22  Drone  
  18  1:29  Drone  
  19  1:39  Overlord  
  19  1:50  Drone  
  20  2:01  Queen  
  20  2:02  Zergling x2  
  20  2:04  Queen  
  20  2:05  Zergling x2  
  26  2:11  Drone  
  26  2:12  Metabolic Boost  
  27  2:16  Drone  
  28  2:36  Drone  
  29  2:40  Extractor  
  29  2:41  Queen  
  30  2:50  Drone  
  32  2:52  Drone x2  
  32  2:56  Drone  
  32  2:57  Hatchery  
  32  2:58  Drone  
  35  3:03  Drone  
  36  3:08  Overlord  
  36  3:23  Overlord  
  36  3:25  Queen x2  
  40  3:29  Drone x3  
  43  3:36  Drone  
  44  3:42  Drone x2  
  44  3:48  Overlord  
  46  3:49  Drone x2  
  46  3:50  Drone  
  46  3:51  Drone  
  46  3:55  Drone x2  
  52  3:59  Extractor  
  52  4:01  Extractor  
  50  4:07  Roach Warren  
  49  4:13  Lair  
  49  4:15  Drone x5  
  49  4:16  Drone  
  55  4:24  Drone x2  
  57  4:31  Queen, Drone  
  55  4:34  Overlord  
  55  4:35  Extractor  
  57  4:43  Evolution Chamber  
  56  4:46  Evolution Chamber  
  55  4:53  Drone  
  55  4:54  Roach  
  55  4:55  Overlord x2  
  55  4:56  Overlord  
  58  5:08  Spore Crawler, Drone  
  58  5:09  Zerg Missile Weapons Level 1  
  58  5:12  Overlord x2  
  58  5:16  Overseer  
  58  5:20  Glial Reconstitution  
  58  5:22  Roach x5  
  58  5:26  Drone x2  
  70  5:38  Roach x5  
  80  5:43  Hydralisk Den  
  80  5:48  Drone x2  
  81  5:52  Roach x2  
  85  5:58  Drone  
  86  6:13  Roach x4  
  86  6:16  Muscular Augments  
  94  6:18  Hatchery  
  94  6:20  Drone  
  94  6:23  Drone  
  97  6:25  Roach  
  97  6:32  Overlord x2  
  97  6:40  Hydralisk, Spine Crawler  
  98  6:50  Overlord x2  
  98  6:51  Hydralisk  
  100  6:56  Zerg Ground Armor Level 1  
  100  7:00  Hydralisk x2  
  104  7:06  Hydralisk x2  
  108  7:12  Infestation Pit  
  107  7:18  Hydralisk x3  
  113  7:25  Drone  
  113  7:26  Drone x2  
  113  7:27  Drone x2  
  113  7:28  Drone, Grooved Spines  
  119  7:30  Drone  
  119  7:32  Hydralisk  
  119  7:34  Drone  
  123  7:38  Hydralisk  
  123  7:44  Drone x4  
  128  7:46  Drone  
  130  7:54  Hive  
  130  7:55  Hydralisk  
  130  7:57  Overlord  
  132  8:02  Drone x3  
  132  8:04  Drone  
  136  8:12  Extractor x2  
  118  8:20  Hydralisk x3  
  118  8:21  Hydralisk x4  
  118  8:24  Hydralisk  
  118  8:29  Hydralisk  
  118  8:31  Hydralisk  
  114  8:36  Hydralisk  
  120  8:48  Roach x4  
  120  8:49  Roach  
  120  8:50  Drone x3  
  120  8:51  Drone  
  120  8:52  Queen  
  132  9:02  Roach x2  
  138  9:03  Roach x2  
  140  9:11  Hydralisk x2  
  140  9:14  Overlord x2  
  144  9:19  Extractor  
  144  9:20  Extractor  
  144  9:21  Overlord  
  144  9:22  Overlord x3  
  142  9:28  Overlord x4  
  142  9:36  Viper x2  
  146  9:53  Viper x2  
  146  9:56  Drone x3  
  146  9:57  Drone x4  
  146  9:58  Drone x3  
  160  10:06  Viper  
  163  10:18  Zerg Missile Weapons Level 2  
  163  10:29  Spire  
  163  10:30  Hatchery  
  154  10:55  Roach x2  
  154  10:56  Roach x12  
  182  11:09  Viper  
  182  11:10  Viper x2  
  191  11:24  Overseer  
  191  11:25  Nydus Network  
  190  11:42  Greater Spire, Overlord, Corruptor x2  
  190  11:49  Roach  
  190  11:50  Roach x4  
  173  12:08  Roach x6  
  161  12:09  Roach x9  
  162  12:25  Corruptor x3  
  165  12:30  Roach x5  
  175  12:44  Corruptor  
  175  12:45  Corruptor x2  
  143  13:15  Roach x10  
  143  13:16  Roach x5  
  154  13:24  Brood Lord x2  
  147  13:27  Drone x2  
  147  13:28  Drone x5, Extractor  
  147  13:29  Queen, Extractor  
  147  13:33  Queen  
  156  13:47  Brood Lord x3  
  162  13:54  Zerg Flyer Weapons Level 1  
  160  14:00  Brood Lord  
  158  14:16  Brood Lord x2  
  162  14:20  Roach x3  
  162  14:21  Roach x4  
  162  14:22  Roach  
  162  14:23  Drone, Roach  
  181  14:24  Drone x14  
  195  14:37  Zerg Missile Weapons Level 3, Hatchery  
  194  14:55  Hydralisk  
  194  14:56  Hydralisk x2  
  196  15:11  Hydralisk x2  
  196  15:12  Hydralisk x7  
  199  15:19  Hydralisk x4  
  167  15:23  Hydralisk  
  167  15:24  Hydralisk x5  
  167  15:27  Hydralisk  
  169  15:38  Hydralisk x5  
  169  15:42  Drone  
  176  15:48  Corruptor x3  
  182  15:50  Hydralisk  
  182  15:51  Hydralisk  
  186  15:59  Hydralisk x4  
  194  16:04  Zerg Flyer Armor Level 1, Corruptor  
  194  16:11  Drone x2, Extractor  
  198  16:13  Extractor  
  195  16:20  Corruptor x4  
  195  16:25  Corruptor  
  183  16:28  Drone  
  183  16:29  Drone x9  
  183  16:30  Drone  
  183  16:32  Drone x4  
  200  16:41  Overlord x2  
  200  17:05  Spine Crawler x2  
  198  17:08  Spine Crawler  
  198  17:10  Spine Crawler  
  198  17:14  Brood Lord  
  198  17:15  Brood Lord  
  200  17:29  Zerg Ground Armor Level 2  
  200  17:35  Brood Lord  
  200  17:53  Pneumatized Carapace  
  200  17:59  Hatchery  
  199  18:11  Brood Lord, Spore Crawler  
  197  18:46  Corruptor x8  
  198  18:50  Hydralisk x2  
  198  18:53  Drone  
  198  19:01  Corruptor  
  199  19:06  Drone  
  196  19:10  Brood Lord x2  
  196  19:21  Brood Lord, Corruptor  
  200  19:24  Overlord  
  200  19:40  Overlord x2  
  198  19:56  Roach x6  
  198  19:58  Brood Lord  
  198  19:59  Brood Lord  
  200  20:20  Zerg Ground Armor Level 3  
  192  20:33  Corruptor x2  
  192  20:34  Viper x4, Corruptor  
  200  20:37  Pathogen Glands  
  152  21:43  Corruptor x2  
  152  21:44  Corruptor x3  
  152  21:48  Roach x2  
  140  21:54  Hydralisk  
  140  21:55  Hydralisk x8  
  140  21:56  Hydralisk  
  144  22:02  Corruptor  
  146  22:10  Corruptor  
  146  22:11  Corruptor  
  150  22:22  Brood Lord  
  152  22:24  Drone x4  
  152  22:25  Drone x18  
  174  22:31  Brood Lord  
  176  22:49  Brood Lord  
  176  22:50  Corruptor x2  
  178  22:57  Overlord  
  178  23:02  Brood Lord  
  170  23:29  Hydralisk  
  170  23:30  Hydralisk x7  
  172  23:48  Brood Lord  
  171  24:04  Brood Lord  
  171  24:45  Nydus Canal  
  168  25:06  Corruptor x7  
  182  25:17  Corruptor x2  
  186  25:26  Corruptor  
  184  25:48  Hydralisk  
  184  25:49  Hydralisk x6  
  180  26:07  Roach x7  
  180  26:08  Roach x2  
  194  26:36  Hatchery  
Tags
 
Add a new tag
Caveats
  • Supply blocks, unpowered buildings, or Contaminate may cause inaccurate times.
  • Supply counts are checked every 10 seconds.